 Dungeon Crawl Stone Soup version 0.31-a0-986-g5e6e4ef867 (webtiles) character file.

Game seed: 8868774716663501377

130 sammy202020 the Ruffian (level 4, -6/34 HPs)
             Began as a Demonspawn Shapeshifter on Nov 17, 2023.
             Killed by divine providence
             ... invoked by an orc priest
              (11 damage)
             ... on level 3 of the Dungeon.
             The game lasted 00:03:38 (1932 turns).

sammy202020 the Ruffian (Demonspawn Shapeshifter)   Turns: 1932, Time: 00:03:38

Health: -6/34      AC:  8    Str: 15    XL:     4   Next: 90%
Magic:  4/4        EV:  7    Int: 11    God:
Gold:   165        SH:  0    Dex: 14    Spells: 3/3 levels left

rFire   . .          .
                       - Unarmed
rCold   . . .        k - orb {light}
rNeg    . . .        l - +0 chain mail
rPois   .            (helmet currently unavailable)
rElec   .            (cloak currently unavailable)
rCorr   .            (gloves currently unavailable)
SInv    .            (boots currently unavailable)
Will    .....        (no amulet) Stlth
                     (no ring)
HPRegen 0.25/turn    (no ring)
MPRegen 0.09/turn

%: no passive effects
@: beast-form, glowing
A: beast (slay +1), hooves 1, spiny 1
a: Begin Untransformation


You were on level 3 of the Dungeon.
You were a hulking beast.
You visited 1 branch of the dungeon, and saw 3 of its levels.

You collected 165 gold pieces.

Inventory:

Hand Weapons
 n - a +4 hand axe
Armour
 a - a +0 animal skin
 i - a +0 pair of gloves
 k - an orb of light (worn)
 l - a +0 chain mail (worn)
Talismans
 c - a beast talisman
 d - a flux talisman
Scrolls
 e - a scroll of teleportation
 j - a scroll of identify
 p - a scroll of acquirement {unknown}
Potions
 b - 2 potions of lignification
 f - a potion of curing
 g - 2 potions of attraction
 h - a potion of cancellation
 m - a potion of heal wounds {unknown}
 o - a potion of might {unknown}


   Skills:
 * Level 2.3 Fighting
 + Level 1.1 Armour
 + Level 2.3 Dodging
 * Level 3.4 Unarmed Combat
 * Level 3.3 Shapeshifting


You had 3 spell levels left.
You didn't know any spells.
Your spell library was empty.

Dungeon Overview and Level Annotations

Branches:
Dungeon (3/15)

Altars:
Nemelex Xobeh
Vehumet


Innate Abilities, Weirdness & Mutations

You are a hulking beast.
Your limbs bulge with bestial killing power. (Slay +1)
You have large cloven feet.
You are partially covered in sharp spines.


Message History

You are too injured to fight recklessly!
You are too injured to fight recklessly!
You are too injured to fight recklessly!
You are too injured to fight recklessly!
You are too injured to fight recklessly!
You are too injured to fight recklessly!
You are too injured to fight recklessly!
You are too injured to fight recklessly!
You are too injured to fight recklessly!
You are too injured to fight recklessly!
You are too injured to fight recklessly!
You are too injured to fight recklessly!
You are too injured to fight recklessly!
You are too injured to fight recklessly!
You are too injured to fight recklessly!
You are too injured to fight recklessly!
Unknown command.
You feel better.
You barely miss the orc wizard. The orc wizard casts a spell at you.
The puff of flame misses you. The orc is struck by your spines.
The orc hits you with a +0 flail. The orc is struck by your spines.
The orc hits you but does no damage.
Unknown command.
You barely miss the orc wizard.
The orc priest mumbles some strange prayers to Beogh against you.
Beogh smites you! The orc wizard casts a spell at you. The magic dart hits you!
* * * LOW HITPOINT WARNING * * *
The orc priest is struck by your spines.
The orc priest misses you. The orc is struck by your spines.
The orc closely misses you. The orc barely misses you.
You hit the orc priest.
The orc priest is severely wounded.
You punch the orc priest!
You kill the orc priest!
The orc priest mumbles some strange prayers to Beogh against you.
Beogh smites you!
You die...

#.##### ......#####.
#............
..<....>.... ####
...........
##$[.##..........
#$8$8o#..........
#_.ooho..........
#$8.8)#..........
##.$$##............
#### ##.######....#
# #.######....##
##.##...##........
....................
####................
#.................


You could see an orc priest, an orc wizard and 2 orcs.

Vanquished Creatures
  A hound (D:2)
  An orc priest (D:3)
  3 adders
  2 worms (D:2)
  2 dart slugs (D:1)
  9 ball pythons
  9 endoplasms
  A giant cockroach (D:2)
  2 hobgoblins
  4 jackals (D:1)
  3 quokkas
  8 bats
  4 frilled lizards
  7 goblins
  5 kobolds
  4 rats
65 creatures vanquished.

Notes
Turn   | Place    | Note
-------+----------+-------------------------------------------
     0 | D:1      | sammy202020 the Demonspawn Shapeshifter began the quest for
                  | the Orb.
     0 | D:1      | Reached XP level 1. HP: 15/15 MP: 1/1
   163 | D:1      | Gained mutation: You are partially covered in sharp spines.
                  | [demonic ancestry]
   163 | D:1      | Reached XP level 2. HP: 17/21 MP: 2/2
   345 | D:1      | Reached XP level 3. HP: 25/26 MP: 3/3
   908 | D:2      | Gained mutation: You have large cloven feet. [demonic
                  | ancestry]
   908 | D:2      | Reached XP level 4. HP: 27/33 MP: 4/4
  1049 | D:2      | Reached skill level 1 in Armour
  1806 | D:3      | Found a radiant altar of Vehumet.
  1840 | D:3      | Found a sparkling altar of Nemelex Xobeh.
  1932 | D:3      | Killed from afar by an orc priest

Illustrated notes

Levels and vault maps discovered:
D:1:      saegor_arrival_simple_a, layout_basic, minmay_bisected
D:2:      layout_rooms
D:3:      layout_basic, mainiacjoe_overflow_surrounded_room,
          amcnicky_altar_gilded, kennysheep_orc_chapel

Skill      XL: |  1  2  3  4 |
---------------+-------------+-----
Shapeshifting  | 3 |  3.3
Unarmed Combat | 3 |  3.4
Dodging        | 2 |  2.3
Fighting       | 2 |  2.3
Armour         | 1 |  1.1

Action                     |  1- 3 |  4- 6 || total
---------------------------+-------+-------++-------
  Melee: Unarmed           |    71 |    42 ||   113
         Punch             |     2 |     2 ||     4
         Kick              |       |    11 ||    11
    Use: Scroll            |     5 |     1 ||     6
         Potion            |     2 |     1 ||     3
   Stab: Sleeping          |     3 |       ||     3
 Armour: Animal skin       |    25 |       ||    25
         Leather armour    |    17 |    13 ||    30
         Chain mail        |       |     9 ||     9
  Dodge: Dodged            |    39 |    20 ||    59

Table legend: (Time is in decaauts)
 A = Elapsed time spent in this place.
 B = Non-inter-level travel time spent in this place.
 C = Inter-level travel time spent in this place.
 D = Time resting spent in this place.
 E = Time spent auto-exploring this place.
 F = Levels seen in this place.
 G = Mean time per level.
                   A        B        C        D        E       F      G
               +--------+--------+--------+--------+--------+-----+--------+
         Total |   1925 |   1904 |     21 |    325 |   1148 |   3 |  641.7 |
       Dungeon |   1925 |   1904 |     21 |    325 |   1148 |   3 |  641.7 |
               +--------+--------+--------+--------+--------+-----+--------+

Top non-repeatable levels by time:
     D:1: 879 daAuts
     D:2: 643 daAuts
     D:3: 401 daAuts
